3AA
SAN BERNARDINO GRASSHOPPERS @ BELVEDERE PARK RAWHIDES
08/16/2029
 
TOP OF THE 1ST
San Bernardino Grasshoppers batting - Pitching for Belvedere Park Rawhides : LHP Katsumoto Miyanohara
Pitching: LHP Katsumoto Miyanohara
Batting: RHB Oscar Gandarilla 0-0: Ball
1-0: Swinging Strike
1-1: Fly out, F9 (Flyball, 9LMF)
Batting: RHB Kelly Harris 0-0: Swinging Strike
0-1: Ball
1-1: Fly out, F4 (Line Drive, 4)
Batting: RHB Griffin Woodfinlevine 0-0: Ball
1-0: Called Strike
1-1: Ball
2-1: DOUBLE (Line Drive, 7LS)
Batting: RHB Claudio Tappen 0-0: Swinging Strike
0-1: DOUBLE (Flyball, 89D)
Griffin Woodfinlevine scores
Batting: RHB Apu Nahasapeemapetilon 0-0: Called Strike
0-1: Ball
1-1: Ball
2-1: Called Strike
2-2: Ball
3-2: Fly out, F5 (Line Drive, 5S)
Top of the 1st over - 1 run, 2 hits, 0 errors, 1 left on base; San Bernardino 1 - Belvedere Park 0
BOTTOM OF THE 1ST
Belvedere Park Rawhides batting - Pitching for San Bernardino Grasshoppers : LHP Rodney Spurr
Pitching: LHP Rodney Spurr
Batting: RHB Kevin Johnson 0-0: SINGLE (Groundball, 6MD)
Batting: RHB Jody Bennett 0-0: Ball
Kevin Johnson is caught stealing 2nd base
1-0: Foul Ball, location: 2F
1-1: Swinging Strike
1-2: Foul Ball, location: 2F
1-2: Ground out 5-3 (Groundball, 56S)
Batting: RHB Jaime Cruz 0-0: Ball
1-0: Ball
2-0: Reached on error, E6 (Groundball, 6)
Batting: RHB Juan Chávez 0-0: Ball
1-0: Called Strike
1-1: Called Strike
1-2: Foul Ball, location: 2F
1-2: Ball
2-2: Ball
3-2: Fly out, F9 (Flyball, 89S)
Bottom of the 1st over - 0 runs, 1 hit, 1 error, 1 left on base; San Bernardino 1 - Belvedere Park 0
TOP OF THE 2ND
San Bernardino Grasshoppers batting - Pitching for Belvedere Park Rawhides : LHP Katsumoto Miyanohara
Batting: RHB Cisco Feijoo 0-0: Ball
1-0: Ball
2-0: Called Strike
2-1: Ball
3-1: Foul Ball, location: 2F
3-2: Foul Ball, location: 2F
3-2: Foul Ball, location: 2F
3-2: Foul Ball, location: 2F
3-2: Foul Ball, location: 2F
3-2: Base on Balls
Batting: RHB Felix Plugge 0-0: Ball
1-0: SINGLE (Groundball, 56D)
Cisco Feijoo to second
Batting: RHB Roberto Ramírez 0-0: Fly out, F6 (Line Drive, 6)
Batting: LHB Harold Wiggins 0-0: Called Strike
0-1: SINGLE (Groundball, 4S) (infield hit)
Cisco Feijoo to third
Felix Plugge to second
Batting: RHB Oscar Gandarilla 0-0: Ball
1-0: Called Strike
1-1: Called Strike
1-2: Ball
2-2: Ball
3-2: Base on Balls
Cisco Feijoo scores
Felix Plugge to third
Harold Wiggins to second
Batting: RHB Kelly Harris 0-0: DOUBLE (Groundball, 5L)
Felix Plugge scores
Harold Wiggins scores
Oscar Gandarilla to third
Runner from 3rd tries for Home, SAFE, no throw
Batting: RHB Griffin Woodfinlevine 0-0: Ball
1-0: Fly out, F4 (Popup, 4M)
Batting: RHB Claudio Tappen 0-0: Ball
1-0: Ball
2-0: Ball
3-0: Called Strike
3-1: Foul Ball, location: 2F
3-2: Ground out 4-3 (Groundball, 4)
Top of the 2nd over - 4 runs, 3 hits, 0 errors, 1 left on base; San Bernardino 5 - Belvedere Park 0
BOTTOM OF THE 2ND
Belvedere Park Rawhides batting - Pitching for San Bernardino Grasshoppers : LHP Rodney Spurr
Batting: RHB Jorge Alcantar 0-0: Foul Ball, location: 2F
0-1: Ball
1-1: Swinging Strike
1-2: Ball
2-2: Strikes out swinging
Batting: RHB David Martínez 0-0: Called Strike
0-1: Ball
1-1: Foul Ball, location: 2F
1-2: Fly out, F6 (Line Drive, 6)
Batting: RHB Harry Gibson 0-0: Ball
1-0: SINGLE (Line Drive, 78S)
Batting: LHB António Serrano 0-0: Ball
Harry Gibson steals 2nd base
1-0: Ball
2-0: Called Strike
2-1: Called Strike
2-2: Foul Ball, location: 2F
2-2: Ball
3-2: Foul Ball, location: 2F
3-2: Foul Ball, location: 2F
3-2: Strikes out swinging
Bottom of the 2nd over - 0 runs, 1 hit, 0 errors, 1 left on base; San Bernardino 5 - Belvedere Park 0
TOP OF THE 3RD
San Bernardino Grasshoppers batting - Pitching for Belvedere Park Rawhides : LHP Katsumoto Miyanohara
Batting: RHB Apu Nahasapeemapetilon 0-0: Ground out 6-3 (Groundball, 6)
Batting: RHB Cisco Feijoo 0-0: Foul Ball, location: 2F
0-1: Ball
1-1: Swinging Strike
1-2: Foul Ball, location: 2F
1-2: Ground out 5-3 (Groundball, 5)
Batting: RHB Felix Plugge 0-0: Ball
1-0: Called Strike
1-1: Ball
2-1: Ball
3-1: Called Strike
3-2: Base on Balls
Batting: RHB Roberto Ramírez 0-0: Swinging Strike
0-1: Swinging Strike
0-2: Ball
1-2: Ball
2-2: Ball
3-2: SINGLE (Groundball, 6D)
Felix Plugge to second
Felix Plugge to third
Batting: LHB Harold Wiggins 0-0: Ball
1-0: Ball
2-0: SINGLE (Groundball, 34D)
Felix Plugge scores
Roberto Ramírez to second
Runner from 2nd tries for 3rd, SAFE, no throw
Batting: RHB Oscar Gandarilla 0-0: Fly out, F8 (Flyball, 8LD)
Top of the 3rd over - 1 run, 2 hits, 0 errors, 2 left on base; San Bernardino 6 - Belvedere Park 0
BOTTOM OF THE 3RD
Belvedere Park Rawhides batting - Pitching for San Bernardino Grasshoppers : LHP Rodney Spurr
Batting: RHB Ed Jozwiak 0-0: Ground out 1-3 (Groundball, P)
Batting: RHB Kevin Johnson 0-0: Ball
1-0: Foul Ball, location: 2F
1-1: Called Strike
1-2: Ball
2-2: Ball
3-2: Foul Ball, location: 2F
3-2: SOLO HOME RUN (Flyball, 7LD), Distance : 371 ft
Batting: RHB Jody Bennett 0-0: Swinging Strike
0-1: Ball
1-1: Swinging Strike
1-2: Ball
2-2: Foul Ball, location: 2F
2-2: Strikes out swinging
Batting: RHB Jaime Cruz 0-0: Called Strike
0-1: Ball
1-1: Fly out, F4 (Line Drive, 4)
Bottom of the 3rd over - 1 run, 1 hit, 0 errors, 0 left on base; San Bernardino 6 - Belvedere Park 1
TOP OF THE 4TH
San Bernardino Grasshoppers batting - Pitching for Belvedere Park Rawhides : LHP Katsumoto Miyanohara
Batting: RHB Kelly Harris 0-0: Called Strike
0-1: Swinging Strike
0-2: Ball
1-2: Ball
2-2: Foul Ball, location: 2F
2-2: Ground out 5-3 (Groundball, 56)
Batting: RHB Griffin Woodfinlevine 0-0: Swinging Strike
0-1: Ball
1-1: SINGLE (Line Drive, 9LS)
Batting: RHB Claudio Tappen 0-0: Ball
1-0: Ball
2-0: Ball
3-0: Called Strike
3-1: Swinging Strike
3-2: Base on Balls
Griffin Woodfinlevine to second
Pitching: RHP Alfredo Velásquez
Batting: RHB Apu Nahasapeemapetilon 0-0: Swinging Strike
0-1: Ball
1-1: Swinging Strike
1-2: Ball
2-2: Strikes out swinging
Batting: RHB Cisco Feijoo 0-0: Ground out 5-3 (Groundball, 5D)
Top of the 4th over - 0 runs, 1 hit, 0 errors, 2 left on base; San Bernardino 6 - Belvedere Park 1
BOTTOM OF THE 4TH
Belvedere Park Rawhides batting - Pitching for San Bernardino Grasshoppers : LHP Rodney Spurr
Batting: RHB Juan Chávez 0-0: Ball
1-0: Ball
2-0: Foul Ball, location: 2F
2-1: Fly out, F4 (Line Drive, 4)
Batting: RHB Jorge Alcantar 0-0: Ball
1-0: Called Strike
1-1: Called Strike
1-2: Foul Ball, location: 2F
1-2: Strikes out looking
Batting: RHB David Martínez 0-0: Swinging Strike
0-1: Foul Ball, location: 2F
0-2: Ball
1-2: Ball
2-2: Ball
3-2: Strikes out swinging
Bottom of the 4th over - 0 runs, 0 hits, 0 errors, 0 left on base; San Bernardino 6 - Belvedere Park 1
TOP OF THE 5TH
San Bernardino Grasshoppers batting - Pitching for Belvedere Park Rawhides : RHP Alfredo Velásquez
Batting: RHB Felix Plugge 0-0: Ball
1-0: Ball
2-0: Called Strike
2-1: Ball
3-1: Base on Balls
Batting: RHB Roberto Ramírez 0-0: Fly out, F3 (Popup, 34S)
Batting: LHB Harold Wiggins 0-0: Called Strike
0-1: Called Strike
0-2: Foul Ball, location: 2F
0-2: SINGLE (Groundball, 6D)
Felix Plugge to second
Batting: RHB Oscar Gandarilla 0-0: SINGLE (Groundball, 56D)
Felix Plugge to third
Harold Wiggins to second
Runner from 3rd tries for Home, SAFE, no throw
Batting: RHB Kelly Harris 0-0: Called Strike
0-1: Swinging Strike
0-2: Ball
1-2: Foul Ball, location: 2F
1-2: Foul Ball, location: 2F
1-2: Fielders Choice at 2nd, 3-6 (Groundball, 34)
Harold Wiggins to third
Batting: RHB Griffin Woodfinlevine 0-0: Ball
1-0: Ball
2-0: Called Strike
2-1: SINGLE (Groundball, 4MD)
Harold Wiggins scores
Kelly Harris to second
Batting: RHB Claudio Tappen 0-0: Foul Ball, location: 2F
0-1: Fly out, F4 (Popup, 4S)
Top of the 5th over - 2 runs, 3 hits, 0 errors, 2 left on base; San Bernardino 8 - Belvedere Park 1
BOTTOM OF THE 5TH
Belvedere Park Rawhides batting - Pitching for San Bernardino Grasshoppers : LHP Rodney Spurr
Batting: RHB Harry Gibson 0-0: Called Strike
0-1: Ball
1-1: Fly out, F8 (Flyball, 8LM)
Batting: LHB António Serrano 0-0: Ball
1-0: Ground out 4-3 (Groundball, 4)
Batting: RHB Ed Jozwiak 0-0: Ball
1-0: Fly out, F4 (Popup, 4S)
Bottom of the 5th over - 0 runs, 0 hits, 0 errors, 0 left on base; San Bernardino 8 - Belvedere Park 1
TOP OF THE 6TH
San Bernardino Grasshoppers batting - Pitching for Belvedere Park Rawhides : RHP Alfredo Velásquez
Batting: RHB Apu Nahasapeemapetilon 0-0: Hit by Pitch
Batting: RHB Cisco Feijoo 0-0: Ball
1-0: Called Strike
1-1: Grounds into double play, 4-6-3 (Groundball, 4)
Batting: RHB Felix Plugge 0-0: Called Strike
0-1: Fly out, F8 (Line Drive, 8LXD)
Top of the 6th over - 0 runs, 0 hits, 0 errors, 0 left on base; San Bernardino 8 - Belvedere Park 1
BOTTOM OF THE 6TH
Belvedere Park Rawhides batting - Pitching for San Bernardino Grasshoppers : LHP Rodney Spurr
Batting: RHB Kevin Johnson 0-0: Ball
1-0: Ball
2-0: Foul Ball, location: 2F
2-1: Swinging Strike
2-2: Ball
3-2: Base on Balls
Batting: RHB Jody Bennett 0-0: Foul Ball, location: 2F
0-1: SINGLE (Flyball, 8RS)
Kevin Johnson to second
Runner from 2nd tries for 3rd, SAFE, no throw
Batting: RHB Jaime Cruz 0-0: Fly out, F8 (Flyball, 78M)
Runner from 3rd tags up, OUT at HOME
Jody Bennett to second
Batting: RHB Juan Chávez 0-0: Ball
1-0: Foul Ball, location: 2F
1-1: Ball
2-1: Swinging Strike
2-2: Ball
3-2: Ground out 3-1 (Groundball, 34)
Bottom of the 6th over - 0 runs, 1 hit, 0 errors, 1 left on base; San Bernardino 8 - Belvedere Park 1
TOP OF THE 7TH
San Bernardino Grasshoppers batting - Pitching for Belvedere Park Rawhides : RHP Alfredo Velásquez
Batting: RHB Roberto Ramírez 0-0: Called Strike
0-1: Hit by Pitch
Batting: LHB Harold Wiggins 0-0: Fly out, F5 (Popup, 5F)
Batting: RHB Oscar Gandarilla 0-0: Ball
1-0: Foul Ball, location: 2F
1-1: Ball
2-1: Ground out 5-3 (Groundball, 56S)
Roberto Ramírez to second
Batting: RHB Kelly Harris 0-0: Called Strike
0-1: Foul Ball, location: 2F
0-2: Ball
1-2: Foul Ball, location: 2F
1-2: Foul Ball, location: 2F
1-2: Ball
2-2: Fly out, F5 (Line Drive, 56S)
Top of the 7th over - 0 runs, 0 hits, 0 errors, 1 left on base; San Bernardino 8 - Belvedere Park 1
BOTTOM OF THE 7TH
Belvedere Park Rawhides batting - Pitching for San Bernardino Grasshoppers : LHP Rodney Spurr
Batting: RHB Jorge Alcantar 0-0: Called Strike
0-1: Ball
1-1: Foul Ball, location: 2F
1-2: Strikes out swinging
Batting: RHB David Martínez 0-0: Swinging Strike
0-1: Foul Ball, location: 2F
0-2: Ball
1-2: SINGLE (Groundball, 6D)
Batting: RHB Harry Gibson 0-0: Called Strike
0-1: Ball
1-1: Ground out 5-3 (Groundball, 56S)
David Martínez to second
Batting: LHB António Serrano 0-0: Ball
1-0: Swinging Strike
1-1: Ball
2-1: Ball
3-1: Foul Ball, location: 2F
3-2: Base on Balls
Batting: RHB Ed Jozwiak 0-0: Ball
1-0: Ball
2-0: DOUBLE (Line Drive, 8RD)
David Martínez scores
António Serrano to third
Runner from 3rd tries for Home, SAFE, no throw
Batting: RHB Kevin Johnson 0-0: Ball
1-0: Ball
2-0: Ball
3-0: Base on Balls
Batting: RHB Jody Bennett 0-0: Called Strike
0-1: Foul Ball, location: 2F
0-2: Foul Ball, location: 2F
0-2: Ball
1-2: Ball
2-2: Ball
3-2: Foul Ball, location: 2F
3-2: Foul Ball, location: 2F
3-2: Foul Ball, location: 2F
3-2: Ground out 5-3 (Groundball, 56)
Bottom of the 7th over - 2 runs, 2 hits, 0 errors, 2 left on base; San Bernardino 8 - Belvedere Park 3
TOP OF THE 8TH
San Bernardino Grasshoppers batting - Pitching for Belvedere Park Rawhides : RHP Alfredo Velásquez
Batting: RHB Griffin Woodfinlevine 0-0: Fly out, F8 (Flyball, 78M)
Batting: RHB Claudio Tappen 0-0: Called Strike
0-1: Ball
1-1: Swinging Strike
1-2: Strikes out swinging
Batting: RHB Apu Nahasapeemapetilon 0-0: Swinging Strike
0-1: Fly out, F9 (Flyball, 89M)
Top of the 8th over - 0 runs, 0 hits, 0 errors, 0 left on base; San Bernardino 8 - Belvedere Park 3
BOTTOM OF THE 8TH
Belvedere Park Rawhides batting - Pitching for San Bernardino Grasshoppers : LHP Rodney Spurr
Pitching: RHP Juan Hernández
Batting: RHB Jaime Cruz 0-0: Called Strike
0-1: Ball
1-1: Ball
2-1: Called Strike
2-2: Foul Ball, location: 2F
2-2: Strikes out looking
Batting: RHB Juan Chávez 0-0: Called Strike
0-1: Ball
1-1: Ball
2-1: Ball
3-1: Base on Balls
Batting: RHB Jorge Alcantar 0-0: Ball
1-0: SINGLE (Flyball, 7S)
Juan Chávez to second
Batting: RHB David Martínez 0-0: Foul Ball, location: 2F
0-1: Ball
1-1: Fly out, F5 (Line Drive, 5S)
Batting: RHB Harry Gibson 0-0: Ball
1-0: Fielders Choice at 2nd, 6-4 (Groundball, 6)
Bottom of the 8th over - 0 runs, 1 hit, 0 errors, 2 left on base; San Bernardino 8 - Belvedere Park 3
TOP OF THE 9TH
San Bernardino Grasshoppers batting - Pitching for Belvedere Park Rawhides : RHP Alfredo Velásquez
Pitching: RHP Ramón Lara
Batting: RHB Cisco Feijoo 0-0: Ball
1-0: Ball
2-0: Called Strike
2-1: Called Strike
2-2: Fly out, F5 (Flyball, 5D)
Batting: RHB Felix Plugge 0-0: Fly out, F8 (Flyball, 8RD)
Batting: RHB Roberto Ramírez 0-0: Ball
1-0: Called Strike
1-1: Ball
2-1: Ball
3-1: Fly out, F2 (Popup, 2LF)
Top of the 9th over - 0 runs, 0 hits, 0 errors, 0 left on base; San Bernardino 8 - Belvedere Park 3
BOTTOM OF THE 9TH
Belvedere Park Rawhides batting - Pitching for San Bernardino Grasshoppers : RHP Juan Hernández
Batting: LHB António Serrano 0-0: Called Strike
0-1: Reached on error, E6 (Groundball, 6)
Batting: RHB Ed Jozwiak 0-0: Ball
1-0: Foul Ball, location: 2F
1-1: Swinging Strike
1-2: Foul Ball, location: 2F
1-2: Ball
2-2: Ball
3-2: Foul Ball, location: 2F
3-2: Base on Balls
António Serrano to second
Batting: RHB Kevin Johnson 0-0: Swinging Strike
0-1: Foul Ball, location: 2F
0-2: Ball
1-2: Strikes out swinging
Batting: RHB Jody Bennett 0-0: Foul Ball, location: 2F
0-1: Foul Ball, location: 2F
0-2: Ball
1-2: Ball
2-2: Ball
3-2: Reached on error, E3 (Groundball, 3)
António Serrano to third
Ed Jozwiak to second
Pitching: RHP Austin Aries
Batting: RHB Jaime Cruz 0-0: Foul Ball, location: 2F
0-1: Ball
1-1: Foul Ball, location: 2F
1-2: Grounds into double play, 6-4-3 (Groundball, 6)
Bottom of the 9th over - 0 runs, 0 hits, 2 errors, 2 left on base; San Bernardino 8 - Belvedere Park 3
Tuesday, December 19th, 2017 - OOTP Baseball 18.8 Build 76